| TOP OF THE 1ST |
|
Cincinnati Reds batting - Pitching for Detroit Tigers : RHP Aaron Vallejo
|
|
Pitching: RHP Aaron Vallejo
|
|
|
Batting: SHB Dave Barefoot
|
0-0: Ball 1-0: Swinging Strike 1-1: Foul Ball, location: 2F 1-2: Ball 2-2: Strikes out swinging
|
|
Batting: RHB Steve Castleberry
|
0-0: Ball 1-0: Called Strike 1-1: Called Strike 1-2: Strikes out swinging
|
|
Batting: SHB Jun Tsuda
|
0-0: Ball 1-0: Called Strike 1-1: Ball 2-1: Ball 3-1: Called Strike 3-2: Ground out U3 (Groundball, 3, EV 108.1 MPH)
|
| Top of the 1st over - 0 runs, 0 hits, 0 errors, 0 left on base; Cincinnati 0 - Detroit 0 |
| BOTTOM OF THE 1ST |
|
Detroit Tigers batting - Pitching for Cincinnati Reds : RHP Timmy John Aaron-Lee Frank Silveira
|
|
Pitching: RHP Timmy John Aaron-Lee Frank Silveira
|
|
|
Batting: LHB Morgan Black
|
0-0: Foul Ball, location: 2F 0-1: Foul Ball, location: 2F 0-2: Ball 1-2: SINGLE (Groundball, 34D, EV 95.0 MPH)
|
|
Batting: RHB Andres Leon
|
0-0: Called Strike 0-1: Ball 1-1: Fly out, F7 (Flyball, 7, EV 80.6 MPH)
|
|
Batting: LHB Frank McConnell
|
0-0: Ball 1-0: Fly out, F7 (Line Drive, 7LM, EV 95.6 MPH)
|
|
Batting: RHB Chris Wheatley
|
0-0: SINGLE (Flyball, 8RS, EV 93.1 MPH) Morgan Black to second
|
|
Batting: LHB Conrad Taylor
|
0-0: Called Strike 0-1: Ball 1-1: Ball 2-1: Ball 3-1: Fly out, F8 (Flyball, 8LXD, EV 95.6 MPH)
|
| Bottom of the 1st over - 0 runs, 2 hits, 0 errors, 2 left on base; Cincinnati 0 - Detroit 0 |
| TOP OF THE 2ND |
|
Cincinnati Reds batting - Pitching for Detroit Tigers : RHP Aaron Vallejo
|
|
Batting: LHB Chris Grunwald
|
0-0: Called Strike 0-1: Called Strike 0-2: Ball 1-2: SOLO HOME RUN (Flyball, 9D, EV 98.8 MPH), Distance : 381 ft
|
|
Batting: RHB Willie Lazcano
|
0-0: Foul Ball, location: 2F 0-1: Ball 1-1: Called Strike 1-2: DOUBLE (Line Drive, 7LM, EV 106.9 MPH)
|
|
Batting: LHB Antonio Figueroa
|
0-0: Ball 1-0: Foul Ball, location: 2F 1-1: Swinging Strike 1-2: Strikes out swinging
|
|
Batting: RHB Joseph Kirchmann
|
0-0: Called Strike 0-1: Ball 1-1: Swinging Strike 1-2: Foul Ball, location: 2F 1-2: Strikes out swinging
|
|
Batting: LHB Jon Ledesma
|
0-0: Ball 1-0: Foul Ball, location: 2F 1-1: Ball 2-1: Swinging Strike 2-2: Strikes out swinging
|
| Top of the 2nd over - 1 run, 2 hits, 0 errors, 1 left on base; Cincinnati 1 - Detroit 0 |
| BOTTOM OF THE 2ND |
|
Detroit Tigers batting - Pitching for Cincinnati Reds : RHP Timmy John Aaron-Lee Frank Silveira
|
|
Batting: SHB Adam Weber
|
0-0: Foul Ball, location: 2F 0-1: Ball 1-1: SINGLE (Groundball, 34D, EV 95.6 MPH)
|
|
Batting: LHB Tyler Davis
|
0-0: Ball 1-0: Ball 2-0: Called Strike 2-1: Foul Ball, location: 2F 2-2: Ball 3-2: Strikes out swinging
|
|
Batting: SHB Ross Holland
|
0-0: Foul Ball, location: 2F 0-1: Ball 1-1: Fly out, F8 (Flyball, 8RD, EV 86.2 MPH)
|
|
Batting: RHB Dan Friess
|
0-0: Ball Adam Weber is caught stealing 2nd base 2-4
|
| Bottom of the 2nd over - 0 runs, 1 hit, 0 errors, 0 left on base; Cincinnati 1 - Detroit 0 |
| TOP OF THE 3RD |
|
Cincinnati Reds batting - Pitching for Detroit Tigers : RHP Aaron Vallejo
|
|
Batting: RHB Takanibu Kaneshiro
|
0-0: SINGLE (Groundball, 56D, EV 106.9 MPH)
|
|
Batting: SHB Dave Barefoot
|
0-0: Ball 1-0: Called Strike 1-1: Called Strike 1-2: Ball 2-2: Strikes out swinging
|
|
Batting: RHB Steve Castleberry
|
0-0: Ball Takanibu Kaneshiro steals 2nd base 1-0: Swinging Strike 1-1: Ball Takanibu Kaneshiro steals 3rd base 2-1: Ball 3-1: Foul Ball, location: 2F 3-2: Base on Balls
|
|
Batting: SHB Jun Tsuda
|
0-0: Called Strike Steve Castleberry steals 2nd base (no throw) 0-1: Foul Ball, location: 2F 0-2: Ball 1-2: Ball 2-2: Ground out 4-3 (Groundball, 4, EV 100.0 MPH) Takanibu Kaneshiro scores Steve Castleberry to third
|
|
Batting: LHB Chris Grunwald
|
0-0: Foul Ball, location: 2F 0-1: Ball 1-1: Ball 2-1: Foul Ball, location: 2F 2-2: Foul Ball, location: 2F 2-2: Foul Ball, location: 2F 2-2: Fly out, F7 (Line Drive, 7S, EV 97.5 MPH)
|
| Top of the 3rd over - 1 run, 1 hit, 0 errors, 1 left on base; Cincinnati 2 - Detroit 0 |
| BOTTOM OF THE 3RD |
|
Detroit Tigers batting - Pitching for Cincinnati Reds : RHP Timmy John Aaron-Lee Frank Silveira
|
|
Batting: RHB Dan Friess
|
0-0: Called Strike 0-1: Swinging Strike 0-2: Foul Ball, location: 2F 0-2: Ball 1-2: Ball 2-2: Foul Ball, location: 2F 2-2: Strikes out swinging
|
|
Batting: LHB Morgan Black
|
0-0: Called Strike 0-1: Ball 1-1: Foul Ball, location: 2F 1-2: Fly out, F7 (Flyball, 78S, EV 78.8 MPH)
|
|
Batting: RHB Andres Leon
|
0-0: Fly out, F8 (Line Drive, 78M, EV 84.4 MPH)
|
| Bottom of the 3rd over - 0 runs, 0 hits, 0 errors, 0 left on base; Cincinnati 2 - Detroit 0 |
| TOP OF THE 4TH |
|
Cincinnati Reds batting - Pitching for Detroit Tigers : RHP Aaron Vallejo
|
|
Batting: RHB Willie Lazcano
|
0-0: Called Strike 0-1: Called Strike 0-2: Strikes out swinging
|
|
Batting: LHB Antonio Figueroa
|
0-0: SINGLE (Line Drive, 34, EV 94.4 MPH)
|
|
Batting: RHB Joseph Kirchmann
|
0-0: Ball 1-0: Foul Ball, location: 2F 1-1: Ball 2-1: SINGLE (Groundball, 6MD, EV 98.1 MPH) Antonio Figueroa to second Runner from 2nd tries for 3rd, SAFE, no throw by CF
|
|
Batting: LHB Jon Ledesma
|
0-0: Grounds out, U3 (Groundball, 3L, EV 100.0 MPH) Antonio Figueroa scores
|
|
Batting: RHB Takanibu Kaneshiro
|
0-0: Called Strike 0-1: Swinging Strike 0-2: Fly out, F8 (Flyball, 8RD, EV 86.2 MPH)
|
| Top of the 4th over - 1 run, 2 hits, 0 errors, 1 left on base; Cincinnati 3 - Detroit 0 |
| BOTTOM OF THE 4TH |
|
Detroit Tigers batting - Pitching for Cincinnati Reds : RHP Timmy John Aaron-Lee Frank Silveira
|
|
Batting: LHB Frank McConnell
|
0-0: Called Strike 0-1: Foul Ball, location: 2F 0-2: Fly out, F9 (Flyball, 89M, EV 85.0 MPH)
|
|
Batting: RHB Chris Wheatley
|
0-0: Ball 1-0: Foul Ball, location: 2F 1-1: Swinging Strike 1-2: Foul Ball, location: 2F 1-2: Ball 2-2: Foul Ball, location: 2F 2-2: Ball 3-2: Ground out 6-3 (Groundball, 6, EV 90.6 MPH)
|
|
Batting: LHB Conrad Taylor
|
0-0: Swinging Strike 0-1: Foul Ball, location: 2F 0-2: Ball 1-2: Foul Ball, location: 2F 1-2: Foul Ball, location: 2F 1-2: Strikes out swinging
|
| Bottom of the 4th over - 0 runs, 0 hits, 0 errors, 0 left on base; Cincinnati 3 - Detroit 0 |
| TOP OF THE 5TH |
|
Cincinnati Reds batting - Pitching for Detroit Tigers : RHP Aaron Vallejo
|
|
Batting: SHB Dave Barefoot
|
0-0: Foul Ball, location: 2F 0-1: Ball 1-1: Called Strike 1-2: Foul Ball, location: 2F 1-2: Ball 2-2: Ball 3-2: Strikes out swinging
|
|
Batting: RHB Steve Castleberry
|
0-0: Foul Ball, location: 2F 0-1: Swinging Strike 0-2: TRIPLE (Flyball, 9LD, EV 95.0 MPH)
|
|
Batting: SHB Jun Tsuda
|
0-0: Ball 1-0: Swinging Strike 1-1: Foul Ball, location: 2F 1-2: Ball 2-2: Ball 3-2: Strikes out swinging
|
|
Batting: LHB Chris Grunwald
|
0-0: Ball 1-0: Ball 2-0: Called Strike 2-1: Swinging Strike 2-2: Ground out 4-3 (Groundball, 4D, EV 96.9 MPH)
|
| Top of the 5th over - 0 runs, 1 hit, 0 errors, 1 left on base; Cincinnati 3 - Detroit 0 |
| BOTTOM OF THE 5TH |
|
Detroit Tigers batting - Pitching for Cincinnati Reds : RHP Timmy John Aaron-Lee Frank Silveira
|
|
Batting: SHB Adam Weber
|
0-0: Ball 1-0: SINGLE (Groundball, 4MD, EV 106.9 MPH)
|
|
Batting: LHB Tyler Davis
|
0-0: Called Strike 0-1: Ball 1-1: 2-RUN HOME RUN (Flyball, 89XD, EV 102.5 MPH), Distance : 419 ft
|
|
Batting: SHB Ross Holland
|
0-0: Ground out 5-3 (Groundball, 56, EV 80.0 MPH)
|
|
Batting: RHB Dan Friess
|
0-0: Swinging Strike 0-1: Ground out 5-3 (Groundball, 25, EV 89.4 MPH)
|
|
Batting: LHB Morgan Black
|
0-0: Ball 1-0: Called Strike 1-1: Fly out, F9 (Flyball, 89S, EV 79.4 MPH)
|
| Bottom of the 5th over - 2 runs, 2 hits, 0 errors, 0 left on base; Cincinnati 3 - Detroit 2 |
| TOP OF THE 6TH |
|
Cincinnati Reds batting - Pitching for Detroit Tigers : RHP Aaron Vallejo
|
|
Batting: RHB Willie Lazcano
|
0-0: Ball 1-0: Foul Ball, location: 2F 1-1: Ground out U3 (Groundball, 34, EV 81.9 MPH)
|
|
Batting: LHB Antonio Figueroa
|
0-0: Ball 1-0: Ball 2-0: Ball 3-0: Called Strike 3-1: Ground out 5-3 (Groundball, 56S, EV 90.0 MPH)
|
|
Batting: RHB Joseph Kirchmann
|
0-0: Ball 1-0: Foul Ball, location: 2F 1-1: Swinging Strike 1-2: Strikes out swinging
|
| Top of the 6th over - 0 runs, 0 hits, 0 errors, 0 left on base; Cincinnati 3 - Detroit 2 |
| BOTTOM OF THE 6TH |
|
Detroit Tigers batting - Pitching for Cincinnati Reds : RHP Timmy John Aaron-Lee Frank Silveira
|
|
Batting: RHB Andres Leon
|
0-0: Ball 1-0: Foul Ball, location: 2F 1-1: Ball 2-1: Foul Ball, location: 2F 2-2: Strikes out swinging
|
|
Batting: LHB Frank McConnell
|
0-0: Ball 1-0: SINGLE (Groundball, 4MS, EV 75.0 MPH) (infield hit)
|
|
Batting: RHB Chris Wheatley
|
0-0: Ball 1-0: Foul Ball, location: 2F 1-1: Swinging Strike 1-2: Strikes out swinging
|
|
Batting: LHB Conrad Taylor
|
0-0: SINGLE (Line Drive, 89S, EV 105.0 MPH) Frank McConnell to second
|
|
Batting: SHB Adam Weber
|
0-0: Swinging Strike 0-1: SINGLE (Groundball, 4S, EV 71.9 MPH) (infield hit) Frank McConnell to third Conrad Taylor to second
|
|
Batting: LHB Tyler Davis
|
0-0: Called Strike 0-1: Ball 1-1: Fly out, F7 (Flyball, 7S, EV 88.8 MPH)
|
| Bottom of the 6th over - 0 runs, 3 hits, 0 errors, 3 left on base; Cincinnati 3 - Detroit 2 |
| TOP OF THE 7TH |
|
Cincinnati Reds batting - Pitching for Detroit Tigers : RHP Aaron Vallejo
|
|
Pitching: RHP Chris McCurdy
|
|
|
Batting: LHB Jon Ledesma
|
0-0: Ball 1-0: Ground out U3 (Groundball, 3, EV 81.2 MPH)
|
|
Batting: RHB Takanibu Kaneshiro
|
0-0: Ball 1-0: Ball 2-0: Ball 3-0: Base on Balls
|
|
Batting: SHB Dave Barefoot
|
0-0: Ball 1-0: Called Strike 1-1: Called Strike 1-2: Foul Ball, location: 2F 1-2: Fielders Choice at 2nd, 1-6 (Groundball, 23, EV 65.0 MPH)
|
|
Batting: RHB Steve Castleberry
|
0-0: Ball 1-0: Foul Ball, location: 2F 1-1: Ball 2-1: Foul Ball, location: 2F 2-2: Foul Ball, location: 2F 2-2: Foul Ball, location: 2F 2-2: Ball 3-2: Base on Balls Dave Barefoot to second
|
|
Batting: SHB Jun Tsuda
|
0-0: Called Strike 0-1: Foul Ball, location: 2F 0-2: Ball 1-2: Fly out, F6 (Line Drive, 6, EV 72.5 MPH)
|
| Top of the 7th over - 0 runs, 0 hits, 0 errors, 2 left on base; Cincinnati 3 - Detroit 2 |
| BOTTOM OF THE 7TH |
|
Detroit Tigers batting - Pitching for Cincinnati Reds : RHP Timmy John Aaron-Lee Frank Silveira
|
|
Batting: SHB Ross Holland
|
0-0: Called Strike 0-1: Called Strike 0-2: Ball 1-2: Ball 2-2: Foul Ball, location: 2F 2-2: Strikes out swinging, 2-3 out at first.
|
|
Batting: RHB Dan Friess
|
0-0: Called Strike 0-1: Ball 1-1: Ball 2-1: Foul Ball, location: 2F 2-2: Ball 3-2: Strikes out swinging
|
|
Batting: LHB Morgan Black
|
0-0: Ball 1-0: Ball 2-0: SOLO HOME RUN (Flyball, 89XD, EV 101.9 MPH), Distance : 422 ft
|
|
Batting: RHB Andres Leon
|
0-0: Ball 1-0: Foul Ball, location: 2F 1-1: Fly out, F9 (Flyball, 9, EV 80.0 MPH)
|
| Bottom of the 7th over - 1 run, 1 hit, 0 errors, 0 left on base; Cincinnati 3 - Detroit 3 |
| TOP OF THE 8TH |
|
Cincinnati Reds batting - Pitching for Detroit Tigers : RHP Chris McCurdy
|
|
Pitching: RHP Bobby Wright
|
|
|
Batting: LHB Chris Grunwald
|
0-0: Called Strike 0-1: Foul Ball, location: 2F 0-2: Strikes out swinging
|
|
Batting: RHB Willie Lazcano
|
0-0: Ball 1-0: Ball 2-0: Foul Ball, location: 2F 2-1: Foul Ball, location: 2F 2-2: Strikes out swinging
|
|
Batting: LHB Antonio Figueroa
|
0-0: Foul Ball, location: 2F 0-1: Ball 1-1: Foul Ball, location: 2F 1-2: Ball 2-2: Foul Ball, location: 2F 2-2: Ball 3-2: Fly out, F6 (Flyball, 56D, EV 95.0 MPH)
|
| Top of the 8th over - 0 runs, 0 hits, 0 errors, 0 left on base; Cincinnati 3 - Detroit 3 |
| BOTTOM OF THE 8TH |
|
Detroit Tigers batting - Pitching for Cincinnati Reds : RHP Timmy John Aaron-Lee Frank Silveira
|
|
Pitching: RHP Justin Ambrose
|
|
|
Batting: LHB Frank McConnell
|
0-0: Ball 1-0: Ball 2-0: Ground out 4-3 (Groundball, 13, EV 78.1 MPH)
|
|
Batting: RHB Chris Wheatley
|
0-0: Called Strike 0-1: Swinging Strike 0-2: Ball 1-2: Strikes out swinging
|
|
Batting: LHB Conrad Taylor
|
0-0: SINGLE (Groundball, 4MD, EV 96.9 MPH)
|
|
Batting: SHB Adam Weber
|
0-0: Ball 1-0: Ball 2-0: Fly out, F8 (Flyball, 8RD, EV 101.9 MPH)
|
| Bottom of the 8th over - 0 runs, 1 hit, 0 errors, 1 left on base; Cincinnati 3 - Detroit 3 |
| TOP OF THE 9TH |
|
Cincinnati Reds batting - Pitching for Detroit Tigers : RHP Bobby Wright
|
|
Pitching: RHP Steve McGaughey
|
|
|
Pinch Hitting: LHB Ricky Ayon
|
0-0: Swinging Strike 0-1: Ball 1-1: Ball 2-1: Fly out, F7 (Flyball, 7, EV 93.8 MPH)
|
|
Batting: LHB Jon Ledesma
|
0-0: Ball 1-0: Called Strike 1-1: Called Strike 1-2: SINGLE (Line Drive, 8RS, EV 103.1 MPH)
|
|
Batting: RHB Takanibu Kaneshiro
|
0-0: Called Strike 0-1: Ball 1-1: Foul Ball, location: 2F 1-2: Strikes out swinging
|
|
Batting: SHB Dave Barefoot
|
0-0: Foul Ball, location: 2F 0-1: Called Strike 0-2: Strikes out swinging
|
| Top of the 9th over - 0 runs, 1 hit, 0 errors, 1 left on base; Cincinnati 3 - Detroit 3 |
| BOTTOM OF THE 9TH |
|
Detroit Tigers batting - Pitching for Cincinnati Reds : RHP Justin Ambrose
|
|
Pitching: RHP Ryan Terlizzi
|
|
|
Now in LF: Ricky Ayon
|
|
|
Now in CF: Steve Castleberry
|
|
|
Batting: LHB Tyler Davis
|
0-0: Ball 1-0: Fly out, F8 (Line Drive, 8LD, EV 85.6 MPH)
|
|
Batting: SHB Ross Holland
|
0-0: Called Strike 0-1: Ball 1-1: Foul Ball, location: 2F 1-2: Ball 2-2: Ball 3-2: Ground out 4-3 (Groundball, 4MS, EV 93.1 MPH)
|
|
Batting: RHB Dan Friess
|
0-0: Ground out 5-3 (Groundball, 56, EV 93.1 MPH)
|
| Bottom of the 9th over - 0 runs, 0 hits, 0 errors, 0 left on base; Cincinnati 3 - Detroit 3 |
| TOP OF THE 10TH |
|
Cincinnati Reds batting - Pitching for Detroit Tigers : RHP Steve McGaughey
|
|
Batting: RHB Steve Castleberry
|
0-0: Called Strike 0-1: Ball 1-1: Swinging Strike 1-2: Strikes out looking
|
|
Batting: SHB Jun Tsuda
|
0-0: Ball 1-0: Called Strike 1-1: Fly out, F8 (Line Drive, 8RD, EV 93.1 MPH)
|
|
Batting: LHB Chris Grunwald
|
0-0: Ball 1-0: Fly out, F8 (Flyball, 8RD, EV 95.0 MPH)
|
| Top of the 10th over - 0 runs, 0 hits, 0 errors, 0 left on base; Cincinnati 3 - Detroit 3 |
| BOTTOM OF THE 10TH |
|
Detroit Tigers batting - Pitching for Cincinnati Reds : RHP Ryan Terlizzi
|
|
Pitching: RHP Junpei Yamazaki
|
|
|
Batting: LHB Morgan Black
|
0-0: Called Strike 0-1: Called Strike 0-2: Foul Ball, location: 2F 0-2: Ball 1-2: Foul Ball, location: 2F 1-2: Strikes out swinging
|
|
Batting: RHB Andres Leon
|
0-0: Fly out, F9 (Flyball, 9D, EV 93.8 MPH)
|
|
Batting: LHB Frank McConnell
|
0-0: Ball 1-0: Called Strike 1-1: Ground out 6-3 (Groundball, 4M, EV 84.4 MPH)
|
| Bottom of the 10th over - 0 runs, 0 hits, 0 errors, 0 left on base; Cincinnati 3 - Detroit 3 |
| TOP OF THE 11TH |
|
Cincinnati Reds batting - Pitching for Detroit Tigers : RHP Steve McGaughey
|
|
Pitching: RHP Kevin Hockenbury
|
|
|
Batting: RHB Willie Lazcano
|
0-0: Foul Ball, location: 2F 0-1: Fly out, F9 (Flyball, 9D, EV 99.4 MPH)
|
|
Batting: LHB Antonio Figueroa
|
0-0: Called Strike 0-1: Ball 1-1: Fly out, F6 (Flyball, 56D, EV 86.2 MPH)
|
|
Batting: LHB Ricky Ayon
|
0-0: Bunt for hit to 25 - play at first, batter safe!
|
|
Batting: LHB Jon Ledesma
|
0-0: Ball Ricky Ayon steals 2nd base 1-0: Intentional Walk
|
|
Batting: RHB Takanibu Kaneshiro
|
0-0: SINGLE (Groundball, 4S, EV 65.0 MPH) (infield hit) Ricky Ayon to third Jon Ledesma to second
|
|
Batting: SHB Dave Barefoot
|
0-0: Called Strike 0-1: Foul Ball, location: 2F 0-2: Strikes out swinging
|
| Top of the 11th over - 0 runs, 2 hits, 0 errors, 3 left on base; Cincinnati 3 - Detroit 3 |
| BOTTOM OF THE 11TH |
|
Detroit Tigers batting - Pitching for Cincinnati Reds : RHP Junpei Yamazaki
|
|
Batting: RHB Chris Wheatley
|
0-0: Fly out, F7 (Line Drive, 7LS, EV 95.6 MPH)
|
|
Batting: LHB Conrad Taylor
|
0-0: Called Strike 0-1: Ground out 6-3 (Groundball, 6M, EV 86.2 MPH)
|
|
Batting: SHB Adam Weber
|
0-0: SINGLE (Groundball, 6, EV 102.5 MPH)
|
|
Batting: LHB Tyler Davis
|
0-0: Ball 1-0: Ground out 4-3 (Groundball, 34D, EV 87.5 MPH)
|
| Bottom of the 11th over - 0 runs, 1 hit, 0 errors, 1 left on base; Cincinnati 3 - Detroit 3 |
| TOP OF THE 12TH |
|
Cincinnati Reds batting - Pitching for Detroit Tigers : RHP Kevin Hockenbury
|
|
Batting: RHB Steve Castleberry
|
0-0: Foul Ball, location: 2F 0-1: Fly out, F9 (Flyball, 9D, EV 93.1 MPH)
|
|
Batting: SHB Jun Tsuda
|
0-0: Ball 1-0: Ball 2-0: Ball 3-0: Base on Balls
|
|
Batting: LHB Chris Grunwald
|
0-0: Called Strike 0-1: Ball 1-1: Foul Ball, location: 2F 1-2: Ball 2-2: Ball 3-2: Foul Ball, location: 2F 3-2: Base on Balls Jun Tsuda to second
|
|
Batting: RHB Willie Lazcano
|
0-0: Ball 1-0: Ball 2-0: DOUBLE (Line Drive, 89XD, EV 103.1 MPH) Jun Tsuda scores Chris Grunwald to third Runner from 3rd tries for Home, SAFE, throw by RF to home
|
|
Batting: LHB Antonio Figueroa
|
0-0: Swinging Strike 0-1: Ball 1-1: Called Strike 1-2: Ball 2-2: Foul Ball, location: 2F 2-2: SINGLE (Flyball, 9S, EV 91.2 MPH) Willie Lazcano to third Runner from 3rd tries for Home, SAFE, throw by RF to home
|
|
Pitching: RHP Bobby Mott
|
|
|
Batting: LHB Ricky Ayon
|
0-0: Ball 1-0: Ball 2-0: Foul Ball, location: 2F 2-1: Called Strike Antonio Figueroa steals 2nd base 2-2: Ball 3-2: Foul Ball, location: 2F 3-2: Strikes out looking
|
|
Batting: LHB Jon Ledesma
|
0-0: Called Strike 0-1: Called Strike 0-2: Ball 1-2: Fly out, F7 (Flyball, 7D, EV 93.8 MPH)
|
| Top of the 12th over - 3 runs, 2 hits, 0 errors, 1 left on base; Cincinnati 6 - Detroit 3 |
| BOTTOM OF THE 12TH |
|
Detroit Tigers batting - Pitching for Cincinnati Reds : RHP Junpei Yamazaki
|
|
Batting: SHB Ross Holland
|
0-0: Ball 1-0: Fly out, F8 (Flyball, 8LM, EV 82.5 MPH)
|
|
Batting: RHB Dan Friess
|
0-0: Swinging Strike 0-1: Ball 1-1: Swinging Strike 1-2: SOLO HOME RUN (Flyball, 89XD, EV 115.6 MPH), Distance : 430 ft
|
|
Batting: LHB Morgan Black
|
0-0: Called Strike 0-1: Ball 1-1: Ball 2-1: Called Strike 2-2: Strikes out swinging
|
|
Batting: RHB Andres Leon
|
0-0: Ball 1-0: Swinging Strike 1-1: Swinging Strike 1-2: Ball 2-2: Foul Ball, location: 2F 2-2: Foul Ball, location: 2F 2-2: Foul Ball, location: 2F 2-2: Ball 3-2: SINGLE (Flyball, 7LM, EV 83.1 MPH)
|
|
Pitching: RHP Jay Rapini
|
|
|
Batting: LHB Frank McConnell
|
0-0: SINGLE (Groundball, 25, EV 64.4 MPH) (infield hit) Andres Leon to second
|
|
Batting: RHB Chris Wheatley
|
0-0: Fielders Choice at 2nd, 6-4 (Groundball, 6, EV 80.0 MPH)
|
| Bottom of the 12th over - 1 run, 3 hits, 0 errors, 2 left on base; Cincinnati 6 - Detroit 4 |
|